 Dungeon Crawl Stone Soup version 0.13-a0-2174-g3a0f4b0 (webtiles) character file.

178 JacquesDerrida the Slasher (level 4, 25/35 HPs)
             Began as a Demonspawn Gladiator on July 1, 2013.
             Was an Initiate of Okawaru.
             Quit the game on Level 3 of the Dungeon.
             The game lasted 00:04:11 (2337 turns).

JacquesDerrida the Slasher (Demonspawn Gladiator)   Turns: 2337, Time: 00:04:12

HP  25/35        AC  6     Str 15      XL: 4   Next: 12%
MP   3/3         EV 12     Int 11      God: Okawaru [......]
Gold 102         SH  0     Dex 13      Spells:  0 memorised,  3 levels left

Res.Fire  : . . .   See Invis. : .   a - +0 falchion
Res.Cold  : . . .   Warding    : .   b - +0 leather armour
Life Prot.: . . .   Conserve   : .   (no shield)
Res.Poison: .       Res.Corr.  : .   (helmet restricted)
Res.Elec. : .       Clarity    : .   u - +0 cloak
Sust.Abil.: . .     Spirit.Shd : .   x - +0 pair of gauntlets
Res.Mut.  : .       Stasis     : .   (no boots)
Res.Rott. : .       Flight     : .   (no amulet)
Saprovore : . . .                    (no ring)
                                     (no ring)

@: mildly poisoned, slightly resistant to hostile enchantments, fairly stealthy
A: horns 1, nightstalker 1, AC +1
a: Renounce Religion


You were on level 3 of the Dungeon.
You worshipped Okawaru.
Okawaru was noncommittal.
You were not hungry.

You visited 1 branch of the dungeon, and saw 3 of its levels.

You collected 82 gold pieces.

Inventory:

Hand weapons
 a - a +0,+0 falchion (weapon)
 o - a +1,+0 short sword of venom
Missiles
 d - 3 throwing nets (quivered)
Armour
 b - a +0 leather armour (worn)
 c - a +0 helmet
 u - a +0 cloak (worn)
 x - a +0 pair of gauntlets (worn)
Comestibles
 f - 2 bread rations
 g - a beef jerky
 i - a honeycomb
 k - a meat ration
 p - an apple
 q - a choko
 w - a lemon
Scrolls
 h - a scroll of fog {unknown}
 l - 2 scrolls of random uselessness {unknown}
 r - 3 scrolls of curse armour {unknown}
 s - 3 scrolls of identify {unknown}
 t - a scroll of enchant weapon II {unknown}
Potions
 e - 5 potions of curing
 j - a potion of brilliance {unknown}
 m - 2 potions of might {unknown}
 n - 2 potions of agility {unknown}


   Skills:
 - Level 2.0 Fighting
 + Level 4.5 Long Blades
 - Level 1.7 Throwing
 - Level 2.6 Dodging


You had 3 spell levels left.
You didn't know any spells.

Dungeon Overview and Level Annotations

Branches:
Dungeon (3/27)

Altars:
Nemelex Xobeh
Okawaru


Innate Abilities, Weirdness & Mutations

You have a pair of small horns on your head.
You are partially covered in molten scales (AC +1).
You are slightly more attuned to the shadows.


Message History

The adder bites you but does no damage.
You hit the adder but do no damage. The adder bites you.
You are poisoned.
The adder poisons you!
You completely miss the adder. Your headbutt misses the adder.
You feel sick. The adder bites you but does no damage.
You hit the adder but do no damage.
You feel sick. The adder misses you. The adder closely misses you.
You closely miss the adder. The adder barely misses you.
You slash the adder!
The adder is almost dead.
You feel sick. The adder misses you. The adder barely misses you.
You hit the adder.
You kill the adder!
Okawaru accepts your kill.
You have reached level 4!
Your demonic ancestry asserts itself...
You slip into the darkness of the dungeon.
You feel clever.
Are you sure you want to abandon this character and quit the game? (Confirm with "yes".)

#.. ### #.....
##...... ###
#......# .... ###
#......## ### ....
#....... #
.....#....(###. #
#...........!....
#### ###@## #...
.....'.)..# #.##
....###..#######.
#.#
..#....%(......#.#
#.##
#.###..#####.#.#
#.#.
#....#.....#.####.##
#....#<##..#......##
#....####..#........
#..............#####


There were no monsters in sight!

Vanquished Creatures
  2 adders
  5 giant geckos
  An ooze (D:1)
  An orc (D:3)
  2 ball pythons (D:1)
  3 bats
  3 giant cockroaches
  4 goblins
  8 hobgoblins
  A quokka (D:2)
  4 giant newts
  9 kobolds
  9 rats
52 creatures vanquished.

Notes
Turn   | Place    | Note
--------------------------------------------------------------
     0 | D:1      | JacquesDerrida, the Demonspawn Gladiator, began the quest for the Orb.
     0 | D:1      | Reached XP level 1. HP: 17/17 MP: 0/0
    47 | D:1      | Reached skill level 3 in Long Blades
   113 | D:1      | Gained mutation: You have a pair of small horns on your head. [demonic ancestry]
   113 | D:1      | Reached XP level 2. HP: 17/23 MP: 1/1
   624 | D:1      | Gained mutation: You are partially covered in molten scales (AC +1). [demonic ancestry]
   624 | D:1      | Reached XP level 3. HP: 21/28 MP: 2/2
  1361 | D:2      | Reached skill level 4 in Long Blades
  1646 | D:2      | Found an iron altar of Okawaru.
  1687 | D:2      | Became a worshipper of Warmaster Okawaru
  1795 | D:2      | Found a sparkling altar of Nemelex Xobeh.
  2336 | D:3      | Gained mutation: You are slightly more attuned to the shadows. [demonic ancestry]
  2336 | D:3      | Reached XP level 4. HP: 25/35 MP: 3/3
  2337 | D:3      | Quit the game

Action                   |  1- 3 |  4- 6 || total
-------------------------+-------+-------++-------
Melee: Falchion          |   138 |       ||   138
       Short sword       |    20 |       ||    20
  Use: Potion            |     1 |       ||     1
